 Dungeon Crawl Stone Soup version 0.31-a0-237-g2d982f9f85 (webtiles) character file.

Game seed: 8936393518679667539

401 qw the Shooter (level 6, -3/52 HPs)
             Began as a Minotaur Hexslinger on July 11, 2023.
             Slain by an ogre
             ... wielding a +0 giant club
              (20 damage)
             ... on level 5 of the Dungeon.
             The game lasted 00:01:07 (3397 turns).

qw the Shooter (Minotaur Hexslinger)                Turns: 3397, Time: 00:01:07

Health: -3/52      AC:  5    Str: 13    XL:     6   Next: 54%
Magic:  6/6        EV: 11    Int: 10    God:
Gold:   35         SH:  0    Dex: 14    Spells: 6/7 levels left

rFire   . . .        m - +0 arbalest (freeze)
rCold   + + .        (shield currently unavailable)
rNeg    . . .        k - +0 ring mail
rPois   .            (helmet restricted)
rElec   .            (no cloak)
rCorr   .            (no gloves)
SInv    .            (no boots)
Will    .....        (no amulet)
Stlth   +            i - ring of protection from cold
HPRegen 0.28/turn    f - ring of protection from cold
MPRegen 0.10/turn

%: no passive effects
@: brilliant
A: horns 2, retaliatory headbutt
a: no special abilities


You were on level 5 of the Dungeon.
You visited 1 branch of the dungeon, and saw 5 of its levels.

You collected 136 gold pieces.
You spent 101 gold pieces at shops.


Innate Abilities, Weirdness & Mutations

You have a pair of horns on your head.
You reflexively headbutt those who attack you in melee.


   Skills:
 - Level 4.1 Fighting
 - Level 6.8 Ranged Weapons
 + Level 0.0 Armour
 - Level 2.1 Dodging
 - Level 1.0 Spellcasting
 - Level 2.0 Hexes


You had 6 spell levels left.
You knew the following spells:

 Your Spells              Type           Power      Damage    Failure   Level
a - Slow                  Hex            24%        N/A       32%         1

Your spell library contained the following spells:

 Spells                   Type           Power      Damage    Failure   Level
 Inner Flame              Hex/Fire       3%         N/A       83%         3
 Portal Projectile        Hex/Tloc       6%         N/A       83%         3
 Cause Fear               Hex            3%         N/A       97%         4

Inventory:

Hand Weapons
 m - a +0 arbalest of freezing (weapon)
Armour
 k - a +0 ring mail (worn)
Jewellery
 c - a +4 ring of slaying {mikee}
 f - a ring of protection from cold (right hand)
 i - a ring of protection from cold (left hand)
Scrolls
 a - 2 scrolls of teleportation
 e - a scroll of enchant armour
 l - a scroll of identify
Potions
 b - 2 potions of might
 g - a potion of haste
 h - 3 potions of curing
 j - a potion of enlightenment {unknown}

Dungeon Overview and Level Annotations

Branches:
Dungeon (5/15)
 Temple: D:4-7

Altars:
Vehumet

Shops:
D:4 (


Message History

It was a potion of brilliance.
You feel clever all of a sudden.
Done exploring.
3350 ||| DROPPING potion of brilliance.
You drop a potion of brilliance.
Done exploring.
(D) Dungeon
Where to? (* - list waypoints, Enter - D:4, ? - help)
What level of the Dungeon? (default 1, ? - help)
You open the door.
There is an open door here.
There is an open door here.
There is a stone staircase leading down here.
You climb downwards.
Found 2 scrolls of poison and a leather armour.
Found a stone staircase leading down.
There is a stone staircase leading up here.
A quokka is nearby!
Waypoint 4 assigned to D:5.
You shoot a bolt. The bolt hits the quokka!
The bolt freezes the quokka.
You kill the quokka!
You open the door.
There is an open door here.
c - a +4 ring of slaying {mikee} You open the door.
An ogre and an orc come into view.
The orc shouts!
The orc moves out of view.
You shoot a bolt. The bolt hits the ogre.
The bolt freezes the ogre.
The ogre is lightly wounded.
The ogre hits you with a +0 giant club!!
Ouch! That really hurt!
You shoot a bolt. The bolt hits the ogre!
The bolt freezes the ogre.
The ogre is heavily wounded.
The ogre hits you with a +0 giant club!
A jelly comes into view.
You shoot a bolt. The bolt completely misses the ogre.
The bolt hits the orc.
The bolt freezes the orc.
The orc is moderately wounded.
The ogre hits you with a +0 giant club!!
You die...

................#
####............#
#............#
#......#######
#......# #......#
#......# #......#
+@.....# #O######
.o. ..... .......
###......
+.......
#...J....


You could see an ogre, a jelly and an orc.

Vanquished Creatures
  An ogre (D:4)
  A scorpion (D:3)
  A bullfrog (D:4)
  A howler monkey (D:4)
  A jelly (D:4)
  An orc wizard (D:3)
  4 adders
  4 dart slugs
  3 orcs (D:3)
  2 bats (D:1)
  5 endoplasms
  6 giant cockroaches
  5 goblins
  2 hobgoblins
  6 kobolds
  5 quokkas
  6 ball pythons
  4 frilled lizards
  3 rats (D:1)
61 creatures vanquished.

Notes
Turn   | Place    | Note
-------+----------+-------------------------------------------
     0 | D:1      | qw the Minotaur Hexslinger began the quest for the Orb.
     0 | D:1      | Reached XP level 1. HP: 16/16 MP: 1/1
     0 | D:1      | 0 ||| qw: Version: 0.3-a-52-g30416fa
     0 | D:1      | 0 ||| qw: Game counter: 5589
     0 | D:1      | 0 ||| qw: Melee chars always use a shield: true
     0 | D:1      | 0 ||| qw: God list: Okawaru
     0 | D:1      | 0 ||| qw: Allow faded altars: false
     0 | D:1      | 0 ||| qw: Do Orc after clearing Dungeon:15 true
     0 | D:1      | 0 ||| qw: Do second Lair branch before Depths: true
     0 | D:1      | 0 ||| qw: Lair rune preference: random
     0 | D:1      | 0 ||| qw: Goals: Normal
     0 | D:1      | 0 ||| PLANNING D:1-11
    38 | D:1      | 38 ||| Stepping ~*~*~tactically~*~*~ (outnumbered).
    43 | D:1      | Reached skill level 3 in Ranged Weapons
    43 | D:1      | Reached XP level 2. HP: 23/23 MP: 2/2
    70 | D:1      | 70 ||| FLEEEEING.
   453 | D:1      | Reached XP level 3. HP: 29/29 MP: 3/3
   627 | D:1      | 627 ||| UPGRADING to +0 leather armour.
   637 | D:1      | 637 ||| DROPPING +0 robe.
   638 | D:1      | 638 ||| READING 2 scrolls labelled XOELEF APSA.
   643 | D:1      | 643 ||| READING scroll labelled BYLAS OSHROTIH.
   644 | D:1      | 644 ||| DROPPING scroll of poison.
   844 | D:2      | Reached skill level 4 in Ranged Weapons
   982 | D:2      | Found a faded altar of an unknown god.
  1164 | D:2      | 1164 ||| FLEEEEING.
  1278 | D:2      | Reached XP level 4. HP: 23/36 MP: 4/4
  1356 | D:2      | Identified the +3 short sword "Etzy" {drain, Dex+3}
  1517 | D:2      | 1517 ||| UPGRADING to ring of protection from cold.
  1518 | D:2      | 1518 ||| READING scroll labelled DAFIBAMPUY.
  1519 | D:2      | 1519 ||| READING 2 scrolls labelled GICAAM VYOF.
  1520 | D:2      | 1520 ||| READING scroll labelled EBUISI XUWACUE.
  1521 | D:2      | 1521 ||| READING scroll labelled AGRELU MIWEKO.
  1586 | D:2      | 1586 ||| DRINKING 3 fizzy silvery potions.
  1587 | D:2      | 1587 ||| DRINKING 2 ruby potions.
  1588 | D:2      | 1588 ||| DRINKING 2 blue potions.
  1837 | D:3      | 1837 ||| Stepping ~*~*~tactically~*~*~ (water).
  1964 | D:3      | 1964 ||| FLEEEEING.
  1965 | D:3      | 1965 ||| FLEEEEING.
  1977 | D:3      | 1977 ||| FLEEEEING.
  1979 | D:3      | 1979 ||| FLEEEEING.
  1981 | D:3      | 1981 ||| FLEEEEING.
  1982 | D:3      | 1982 ||| FLEEEEING.
  1994 | D:3      | Reached skill level 5 in Ranged Weapons
  2102 | D:3      | Noticed a scorpion
  2111 | D:3      | Killed a scorpion
  2112 | D:3      | Reached skill level 3 in Fighting
  2112 | D:3      | Reached XP level 5. HP: 14/45 MP: 5/5
  2113 | D:3      | HP: 11/45 [poisoned by a scorpion]
  2118 | D:3      | HP: 7/45 [poisoned by a scorpion]
  2502 | D:3      | 2502 ||| DROPPING amulet of magic regeneration.
  2503 | D:3      | 2503 ||| UPGRADING to ring of protection from cold.
  2719 | D:4      | Reached skill level 6 in Ranged Weapons
  2719 | D:4      | Reached XP level 6. HP: 43/51 MP: 6/6
  2996 | D:4      | Found Muufob's Weapon Boutique.
  3005 | D:4      | 3005 ||| BUYING +0 arbalest of freezing (101 gold).
  3005 | D:4      | Bought a +0 arbalest of freezing for 101 gold pieces
  3005 | D:4      | 3005 ||| SWAPPING to +0 arbalest of freezing.
  3006 | D:4      | 3006 ||| DROPPING +1 sling.
  3069 | D:4      | Found a radiant altar of Vehumet.
  3338 | D:4      | 3338 ||| UPGRADING to +0 ring mail.
  3348 | D:4      | 3348 ||| DROPPING +0 leather armour.
  3349 | D:4      | 3349 ||| DRINKING 2 fuming blue potions.
  3350 | D:4      | 3350 ||| DROPPING potion of brilliance.
  3367 | D:5      | Entered Level 5 of the Dungeon
  3397 | D:5      | Slain by an ogre

Levels and vault maps discovered:
D:1:      evilmike_arrival_crescent, layout_loops_ring, minmay_octomino_e4
D:2:      layout_loops_ring, ebering_ecumenical_altar_mist
D:3:      layout_loops_ring, chequers_serial_rivers_marsh,
          minmay_misc_feat_plants
D:4:      layout_basic, mainiacjoe_overflow_alcove_4, serial_shops, shop
D:5:      minmay_angry_zag, layout_gridville, minmay_temple_entry_antechambers,
          serial_shops, nicolae_shop_tiny_statue_garden, shop

Skill      XL: |  1  2  3  4  5  6 |
---------------+-------------------+-----
Ranged Weapons | 3 4 5 6 |  6.8
Fighting       | 2 3 4 |  4.1
Dodging        | |  2.1
Spellcasting   | |  1.0
Hexes          | |  2.0

Action                     |  1- 3 |  4- 6 || total
---------------------------+-------+-------++-------
   Fire: Sling             |   117 |    82 ||   199
         Arbalest          |       |    10 ||    10
    Use: Scroll            |     2 |     4 ||     6
         Potion            |       |     4 ||     4
 Armour: Robe              |     3 |       ||     3
         Leather armour    |     3 |     4 ||     7
  Dodge: Dodged            |    29 |    18 ||    47

Table legend:
 A = Non-vault XP
 B = Vault XP
 C = Vault XP percentage of total XP
 D = Non-vault monster count
 E = Vault monster count
 F = Vault count percentage of total count
                 A         B        C        D         E       F
            +---------+---------+-------+---------+---------+-------
      Total |     566 |       7 |   1.2 |      58 |       3 |   4.9
            +---------+---------+-------+---------+---------+-------
        D:1 |      40 |       7 |  14.9 |      23 |       3 |  11.5
        D:2 |      55 |       0 |   0.0 |      11 |       0 |   0.0
        D:3 |     157 |       0 |   0.0 |      13 |       0 |   0.0
        D:4 |     312 |       0 |   0.0 |      10 |       0 |   0.0
        D:5 |       2 |       0 |   0.0 |       1 |       0 |   0.0
            +---------+---------+-------+---------+---------+-------
